[Event "Team 45 45 League T50"]
[Site "Internet Chess Club"]
[Date "2011.10.09"]
[Round "9"]
[White "zeigmata"]
[Black "rdmuhcu"]
[Result "0-1"]
[WhiteElo "2303"]
[BlackElo "2238"]
[Opening "QGD Slav: 4.e3 Bf5"]
[ECO "D12"]
[Time "14:09:18"]
[TimeControl "2700+45"]

1. d4 d5 2. c4 c6 3. Nf3 Nf6 4. e3 Bf5 5. Nc3 e6 6. Nh4 Bg6 7. Qb3 Qc7 8. Nxg6
hxg6 9. Bd2 Nbd7 10. h3 Nb6 11. Rc1 Be7 12. Be2 g5 13. g3 dxc4 14. Bxc4 Nxc4 15.
Qxc4 g4 16. Qf1 O-O-O 17. hxg4 Nxg4 18. Qg2 a6 19. Ke2 f5 20. Rxh8 Rxh8 21. Rh1
Rd8 22. Rc1 Kb8 23. Be1 e5 24. f3 Nxe3 25. Kxe3 exd4+ 26. Kf2 dxc3 27. Bxc3 Bf6
28. Kg1 Bxc3 29. bxc3 Qe5 30. Qf2 g5 31. Kg2 Rh8 32. Rc2 g4 33. fxg4 Qe4+ {White
resigns} 0-1

[Event "Team 45 45 League T50"]
[Site "Internet Chess Club"]
[Date "2011.10.10"]
[Round "9"]
[White "eurander"]
[Black "NFork"]
[Result "1/2-1/2"]
[WhiteElo "2185"]
[BlackElo "2291"]
[Opening "Caro-Kann: classical, Spassky variation"]
[ECO "B19"]
[Time "13:00:12"]
[TimeControl "2700+45"]

1. e4 c6 2. d4 d5 3. Nc3 dxe4 4. Nxe4 Bf5 5. Ng3 Bg6 6. h4 h6 7. Nf3 Nd7 8. h5
Bh7 9. Bd3 Bxd3 10. Qxd3 e6 11. Bd2 Ngf6 12. O-O-O Be7 13. Qe2 O-O 14. Nf1 Nb6
15. Kb1 Na4 16. Qc4 Nb6 17. Qe2 Na4 {Game drawn by mutual agreement} 1/2-1/2

[Event "Team 45 45 League T50"]
[Site "Internet Chess Club"]
[Date "2011.10.11"]
[Round "9"]
[White "pentti63"]
[Black "Chatica"]
[Result "0-1"]
[WhiteElo "2256"]
[BlackElo "2217"]
[Opening "Dutch defense"]
[ECO "A90"]
[Time "17:10:37"]
[TimeControl "2700+45"]

1. d4 f5 2. g3 Nf6 3. Bg2 e6 4. c4 c6 5. Nh3 d6 6. Nc3 Be7 7. O-O O-O 8. e4 e5
9. exf5 Bxf5 10. d5 h6 11. f3 Qb6+ 12. Nf2 Nbd7 13. Qe2 cxd5 14. cxd5 Qa5 15.
Rd1 Nb6 16. f4 Nfd7 17. Bd2 Rac8 18. Nce4 Qa4 19. b3 Qa3 20. Qe1 Nxd5 21. Bc1
Qb4 22. Bd2 Qa3 23. fxe5 Nxe5 24. Bc1 Rxc1 25. Raxc1 Nb4 26. Rc7 Bd8 27. Rxb7
Bb6 28. Rxb6 axb6 29. Nxd6 Nbd3 30. Nxd3 Nxd3 31. Bd5+ Kh7 32. Qc3 Qxd6 33. Rxd3
Bxd3 34. Qxd3+ Kh8 35. Qc4 Qf6 36. a4 Qf2+ 37. Kh1 Re8 {White forfeits on time}
0-1

[Event "Team 45 45 League T50"]
[Site "Internet Chess Club"]
[Date "2011.10.06"]
[Round "9"]
[White "SlimeDog2"]
[Black "aww-rats"]
[Result "1/2-1/2"]
[WhiteElo "2103"]
[BlackElo "2121"]
[Opening "English: symmetrical variation"]
[ECO "A38"]
[Time "20:47:40"]
[TimeControl "2700+45"]

1. Nf3 Nf6 2. c4 c5 3. Nc3 Nc6 4. g3 g6 5. Bg2 Bg7 6. O-O O-O 7. a3 d6 8. Rb1
Ne8 9. d3 Nc7 10. Bd2 Rb8 11. b4 Bg4 12. h3 Bxf3 13. Bxf3 cxb4 14. axb4 a6 15.
b5 axb5 16. cxb5 Nd4 17. Bg2 e6 18. g4 Qe8 19. Qa4 Qd7 20. Qb4 Nc2 21. Qa4 Nd4
22. Rfc1 Ra8 23. Qb4 Ncxb5 24. Kf1 Nxc3 25. Bxc3 Nc6 26. Qxb7 Qxb7 27. Rxb7 Bxc3
28. Bxc6 Ra1 29. Rxa1 {Game drawn by mutual agreement} 1/2-1/2

[Event "Team 45 45 League T50"]
[Site "Internet Chess Club"]
[Date "2011.10.10"]
[Round "9"]
[White "Xanther"]
[Black "BishopMike"]
[Result "1-0"]
[WhiteElo "1559"]
[BlackElo "1389"]
[Opening "Sicilian: Alapin's variation (2.c3)"]
[ECO "B22"]
[Time "23:02:23"]
[TimeControl "2700+45"]

1. e4 c5 2. c3 d6 3. d4 cxd4 4. cxd4 Nc6 5. Be3 Nf6 6. Nc3 e5 7. d5 Ne7 8. Rc1
Bd7 9. Bb5 Bxb5 10. Nxb5 Qa5+ 11. Nc3 Nxe4 12. Qb3 Nxc3 13. Rxc3 Nxd5 14. Qxb7
Rd8 15. b4 Nxb4 16. Bd2 d5 17. Rb3 Nc2+ 18. Kd1 Qxa2 19. Qc6+ Rd7 20. Rb7 Qa1+
21. Kxc2 Qa2+ 22. Kd1 Qa1+ 23. Ke2 Ke7 {Black resigns} 1-0

[Event "Team 45 45 League T50"]
[Site "Internet Chess Club"]
[Date "2011.10.05"]
[Round "9"]
[White "achessfool"]
[Black "doublepar"]
[Result "0-1"]
[WhiteElo "1515"]
[BlackElo "1517"]
[Opening "Ruy Lopez: exchange, Gligoric variation"]
[ECO "C69"]
[Time "20:00:09"]
[TimeControl "2700+45"]

1. e4 e5 2. Nf3 Nc6 3. Bb5 a6 4. Bxc6 dxc6 5. O-O f6 6. d4 exd4 7. Nxd4 c5 8.
Nb3 Qxd1 9. Rxd1 Bd7 10. Bf4 O-O-O 11. Nc3 g5 12. Be3 b6 13. Rd2 Bd6 14. Rad1
Ne7 15. Nd5 Nxd5 16. exd5 h5 17. c4 Rde8 18. Re2 f5 19. Rde1 f4 20. Bc1 Rxe2 21.
Rxe2 c6 22. dxc6 Bxc6 23. Re6 Re8 24. Rxe8+ Bxe8 25. Nd2 Bf7 26. b3 Kd7 27. Bb2
Bg6 28. h3 Ke6 29. Nf3 g4 30. hxg4 hxg4 31. Nd2 a5 32. Kf1 Be5 33. Bxe5 Kxe5 34.
Ke1 Kd4 35. Kd1 Kd3 36. Nb1 Kd4 37. Nd2 Bd3 38. Kc1 Kc3 39. g3 f3 40. a3 Bc2 41.
b4 axb4 42. axb4 cxb4 43. c5 bxc5 44. Nf1 b3 45. Ne3 b2# {White checkmated} 0-1

[Event "Team 45 45 League T50"]
[Site "Internet Chess Club"]
[Date "2011.10.09"]
[Round "9"]
[White "oldprez"]
[Black "Morphys-GGS"]
[Result "1-0"]
[WhiteElo "1491"]
[BlackElo "1426"]
[Opening "Sicilian: accelerated fianchetto, Maróczy bind, 5...Bg7"]
[ECO "B37"]
[Time "12:00:08"]
[TimeControl "2700+45"]

1. e4 c5 2. Nf3 g6 3. d4 cxd4 4. Nxd4 Nc6 5. c4 Bg7 6. Nxc6 bxc6 7. Nc3 Bxc3+ 8.
bxc3 e5 9. Be2 Qa5 10. Bd2 c5 11. O-O Ne7 12. Bg5 h6 13. Bf6 Rg8 14. Qd6 Nc6 15.
Bxe5 Nxe5 16. Qxe5+ Kf8 17. Rfd1 Qb6 18. Rab1 Qe6 19. Qxc5+ Qe7 20. Qd5 Ba6 21.
Qxa8+ Kg7 22. Qxa7 Qxe4 23. Qd4+ Qxd4 24. cxd4 d5 25. Rb6 Bxc4 26. Bxc4 dxc4 27.
Rc6 Ra8 28. Rd2 Ra4 29. d5 Rb4 30. Kf1 Rb1+ 31. Ke2 Rb8 32. Rxc4 Re8+ 33. Kd1 g5
34. d6 Kf6 35. d7 Rd8 36. Rc8 Ke7 37. Rxd8 Kxd8 38. a4 f5 39. a5 f4 40. a6 h5
41. a7 Ke7 42. d8=Q+ Ke6 43. Qxg5 f3 44. gxf3 h4 45. Re2+ Kf7 46. Qd5+ Kg7 47.
Re6 h3 48. Qd7+ {Black resigns} 1-0

[Event "Team 45 45 League T50"]
[Site "Internet Chess Club"]
[Date "2011.10.10"]
[Round "9"]
[White "TheronUAL"]
[Black "radiohead"]
[Result "0-1"]
[WhiteElo "1536"]
[BlackElo "1428"]
[Opening "Sicilian: Alapin's variation (2.c3)"]
[ECO "B22"]
[Time "21:30:18"]
[TimeControl "2700+45"]

1. e4 c5 2. c3 d5 3. exd5 Qxd5 4. d4 Nf6 5. Nf3 e6 6. Be2 Be7 7. O-O Nc6 8. Na3
cxd4 9. Nb5 Qd8 10. Nbxd4 Nxd4 11. Nxd4 O-O 12. Nf3 h6 13. Qb3 Qc7 14. Be3 b6
15. Bd4 Bd6 16. Bxf6 gxf6 17. Qa4 f5 18. Qh4 Kg7 19. Nd4 Bb7 20. Bf3 Bxf3 21.
Nxf3 Qe7 22. Qxe7 Bxe7 23. Rfd1 Rad8 24. Nd4 Rc8 25. Rd3 Kh7 26. Rad1 Rfd8 27.
Nb5 Rxd3 28. Rxd3 a5 29. Rd7 Rd8 30. Rxd8 Bxd8 31. Kf1 Be7 32. Ke2 Bc5 33. Nd4
Kg6 34. a3 e5 35. Nc6 Bd6 36. b4 e4 37. g3 f4 38. Nd4 Kg5 39. Nb5 Be5 40. Nd4
Kg4 41. Nc2 Bxc3 42. bxa5 bxa5 43. a4 Be5 44. Na3 Kh3 45. Nc4 Bc7 46. gxf4 Kxh2
47. Ke3 f5 48. f3 exf3 49. Kxf3 h5 50. Ne3 h4 51. Nxf5 h3 52. Ng3 Kg1 53. Ne2+
Kf1 54. Ng3+ Kg1 55. Ne2+ Kf1 56. f5 h2 57. f6 h1=Q+ {White resigns} 0-1